NCAA
OHIO STATE BUCKEYES @ ARIZONA STATE SUN DEVILS
05/02/2027
 
TOP OF THE 1ST
Ohio State Buckeyes batting - Pitching for Arizona State Sun Devils : RHP Josh Jenkins
Pitching: RHP Josh Jenkins
Batting: RHB Rudy Boyd 0-0: SOLO HOME RUN (Flyball, 7D), Distance : 366 ft
Batting: RHB Josh Joyner 0-0: Called Strike
0-1: Ball
1-1: Called Strike
1-2: Fly out, F4 (Line Drive, 4M)
Batting: LHB Roberto Herrera 0-0: Ball
1-0: Called Strike
1-1: Called Strike
1-2: Fly out, F8 (Flyball, 78D)
Batting: RHB Richie Sawyer 0-0: Foul Ball, location: 2F
0-1: Ball
1-1: Ball
2-1: Ball
3-1: Base on Balls
Batting: SHB Bill House 0-0: Called Strike
0-1: Foul Ball, location: 2F
0-2: Fly out, F8 (Flyball, 8RM)
Top of the 1st over - 1 run(s), 1 hit(s), 0 error(s), 1 left on base; Ohio State 1 - Arizona State 0
BOTTOM OF THE 1ST
Arizona State Sun Devils batting - Pitching for Ohio State Buckeyes : LHP Stan Miller
Pitching: LHP Stan Miller
Batting: RHB Ryan Conway 0-0: Ball
1-0: Called Strike
1-1: Ball
2-1: Fly out, F8 (Flyball, 89M)
Batting: RHB Stan Murray 0-0: Ball
1-0: Ball
2-0: Foul Ball, location: 2F
2-1: Foul Ball, location: 2F
2-2: Ball
3-2: Foul Ball, location: 2F
3-2: Foul Ball, location: 2F
3-2: Ground out 5-3 (Groundball, 56S)
Batting: RHB Vernon Harris 0-0: Foul Ball, location: 2F
0-1: Called Strike
0-2: Ball
1-2: Ball
2-2: Ball
3-2: Foul Ball, location: 2F
3-2: Fly out, F7 (Flyball, 78XD)
Bottom of the 1st over - 0 run(s), 0 hit(s), 0 error(s), 0 left on base; Ohio State 1 - Arizona State 0
TOP OF THE 2ND
Ohio State Buckeyes batting - Pitching for Arizona State Sun Devils : RHP Josh Jenkins
Batting: RHB George Pierce 0-0: Ball
1-0: Foul Ball, location: 2F
1-1: Called Strike
1-2: Strikes out swinging
Batting: LHB Abraham Horton 0-0: Ball
1-0: Ball
2-0: Ball
3-0: Base on Balls
Batting: RHB Edgardo Gonzáles 0-0: Called Strike
0-1: Ball
1-1: Swinging Strike
1-2: Ball
2-2: Ball
Abraham Horton is caught stealing 2nd base
3-2: Foul Ball, location: 2F
3-2: Strikes out looking
Top of the 2nd over - 0 run(s), 0 hit(s), 0 error(s), 0 left on base; Ohio State 1 - Arizona State 0
BOTTOM OF THE 2ND
Arizona State Sun Devils batting - Pitching for Ohio State Buckeyes : LHP Stan Miller
Batting: SHB Leonardo González 0-0: Swinging Strike
0-1: Called Strike
0-2: DOUBLE (Line Drive, 7LM)
Batting: RHB Jeffery Burton 0-0: Called Strike
0-1: 2-RUN HOME RUN (Line Drive, 78XD), Distance : 392 ft
Batting: LHB Ryan Billman 0-0: Foul Ball, location: 2F
0-1: Ground out 4-3 (Groundball, 4M)
Batting: RHB Bob Bennett 0-0: Foul Ball, location: 2F
0-1: Reached on error, E6 (Groundball, 6)
Batting: LHB John Lynch 0-0: Called Strike
0-1: Fly out, F9 (Line Drive, 9)
Batting: LHB John Turner 0-0: Called Strike
0-1: Called Strike
0-2: Strikes out looking
Bottom of the 2nd over - 2 run(s), 2 hit(s), 1 error(s), 1 left on base; Ohio State 1 - Arizona State 2
TOP OF THE 3RD
Ohio State Buckeyes batting - Pitching for Arizona State Sun Devils : RHP Josh Jenkins
Batting: RHB Frank Hester 0-0: Foul Ball, location: 2F
0-1: Swinging Strike
0-2: Strikes out swinging
Batting: RHB Rudy Boyd 0-0: Called Strike
0-1: Swinging Strike
0-2: SINGLE (Flyball, 7S)
Batting: RHB Josh Joyner 0-0: Ball
1-0: Ball
2-0: Ball
3-0: Called Strike
3-1: Base on Balls
Rudy Boyd to second
Batting: LHB Roberto Herrera 0-0: Fly out, F8 (Flyball, 8LM)
Batting: RHB Richie Sawyer 0-0: Called Strike
0-1: Fly out, F2 (Popup, 4S)
Top of the 3rd over - 0 run(s), 1 hit(s), 0 error(s), 2 left on base; Ohio State 1 - Arizona State 2
BOTTOM OF THE 3RD
Arizona State Sun Devils batting - Pitching for Ohio State Buckeyes : LHP Stan Miller
Batting: RHB Ryan Conway 0-0: Ball
1-0: Called Strike
1-1: Swinging Strike
1-2: Strikes out swinging
Batting: RHB Stan Murray 0-0: Called Strike
0-1: SINGLE (Line Drive, 89M)
Batting: RHB Vernon Harris 0-0: Ball
1-0: Swinging Strike
1-1: Ball
2-1: Ball
3-1: Foul Ball, location: 2F
3-2: Foul Ball, location: 2F
3-2: Base on Balls
Stan Murray to second
Batting: SHB Leonardo González 0-0: Ball
1-0: Ball
2-0: Ball
3-0: Base on Balls
Stan Murray to third
Vernon Harris to second
Batting: RHB Jeffery Burton 0-0: Ball
1-0: SINGLE (Groundball, 6MD)
Stan Murray scores
Vernon Harris to third
Leonardo González to second
Runner from 3rd tries for Home, SAFE, no throw
Batting: LHB Ryan Billman 0-0: Fly out, F9 (Flyball, 9LSF)
Batting: RHB Bob Bennett 0-0: Ball
1-0: Called Strike
1-1: Ball
2-1: Fly out, F9 (Flyball, 9S)
Bottom of the 3rd over - 2 run(s), 2 hit(s), 0 error(s), 2 left on base; Ohio State 1 - Arizona State 4
TOP OF THE 4TH
Ohio State Buckeyes batting - Pitching for Arizona State Sun Devils : RHP Josh Jenkins
Batting: SHB Bill House 0-0: Called Strike
0-1: Fly out, F7 (Flyball, 7S)
Batting: RHB George Pierce 0-0: Ball
1-0: Ball
2-0: Ball
3-0: Called Strike
3-1: Called Strike
3-2: Base on Balls
Batting: LHB Abraham Horton 0-0: SINGLE (Line Drive, 9S)
George Pierce to second
Runner from 2nd tries for 3rd, SAFE, no throw
Batting: RHB Edgardo Gonzáles 0-0: Called Strike
0-1: Ball
1-1: Ball
2-1: Grounds into double play, 6-4-3 (Groundball, 6)
Top of the 4th over - 0 run(s), 1 hit(s), 0 error(s), 1 left on base; Ohio State 1 - Arizona State 4
BOTTOM OF THE 4TH
Arizona State Sun Devils batting - Pitching for Ohio State Buckeyes : LHP Stan Miller
Batting: LHB John Lynch 0-0: Ground out 4-3 (Groundball, 34)
Batting: LHB John Turner 0-0: Foul Ball, location: 2F
0-1: Ball
1-1: Swinging Strike
1-2: SINGLE (Groundball, 56D)
Batting: RHB Ryan Conway 0-0: Ball
1-0: SINGLE (Groundball, 56D)
John Turner to second
Batting: RHB Stan Murray 0-0: Fly out, F6 (Line Drive, 6M)
Batting: RHB Vernon Harris 0-0: Ball
1-0: Foul Ball, location: 2F
1-1: Swinging Strike
1-2: Ball
2-2: Strikes out swinging
Bottom of the 4th over - 0 run(s), 2 hit(s), 0 error(s), 2 left on base; Ohio State 1 - Arizona State 4
TOP OF THE 5TH
Ohio State Buckeyes batting - Pitching for Arizona State Sun Devils : RHP Josh Jenkins
Batting: RHB Frank Hester 0-0: Ball
1-0: Foul Ball, location: 2F
1-1: Ball
2-1: Ball
3-1: Foul Ball, location: 2F
3-2: Strikes out swinging
Batting: RHB Rudy Boyd 0-0: Foul Ball, location: 2F
0-1: Ball
1-1: Ball
2-1: Ground out 5-3 (Groundball, 5L)
Batting: RHB Josh Joyner 0-0: Ball
1-0: Ball
2-0: Called Strike
2-1: Foul Ball, location: 2F
2-2: Reached on error, E6 (Groundball, 6)
Batting: LHB Roberto Herrera 0-0: Ball
1-0: Foul Ball, location: 2F
1-1: Foul Ball, location: 2F
1-2: Ball
2-2: Foul Ball, location: 2F
2-2: Strikes out looking
Top of the 5th over - 0 run(s), 0 hit(s), 1 error(s), 1 left on base; Ohio State 1 - Arizona State 4
BOTTOM OF THE 5TH
Arizona State Sun Devils batting - Pitching for Ohio State Buckeyes : LHP Stan Miller
Batting: SHB Leonardo González 0-0: Ball
1-0: Called Strike
1-1: Ball
2-1: Called Strike
2-2: Fly out, F5 (Line Drive, 5)
Batting: RHB Jeffery Burton 0-0: Foul Ball, location: 2F
0-1: Ball
1-1: Ground out 2-3 (Groundball, 2R)
Batting: LHB Ryan Billman 0-0: SINGLE (Line Drive, 4MD)
Batting: RHB Bob Bennett 0-0: Ball
1-0: Foul Ball, location: 2F
1-1: Fielders Choice at 2nd, 4-6 (Groundball, 4)
Bottom of the 5th over - 0 run(s), 1 hit(s), 0 error(s), 0 left on base; Ohio State 1 - Arizona State 4
TOP OF THE 6TH
Ohio State Buckeyes batting - Pitching for Arizona State Sun Devils : RHP Josh Jenkins
Pitching: LHP Martin O'Herlihy
Batting: RHB Richie Sawyer 0-0: Called Strike
0-1: Swinging Strike
0-2: Ground out 5-3 (Groundball, 56S)
Batting: SHB Bill House 0-0: Called Strike
0-1: Fly out, F5 (Popup, 5S)
Batting: RHB George Pierce 0-0: Bunt missed!
0-1: Ball
1-1: Ball
2-1: Foul Ball, location: 2F
2-2: DOUBLE (Line Drive, 78M)
Batting: LHB Abraham Horton 0-0: Called Strike
0-1: Ball
1-1: Ball
2-1: Ball
3-1: Base on Balls
Batting: RHB Edgardo Gonzáles 0-0: Ball
1-0: Ball
2-0: Called Strike
2-1: Swinging Strike
2-2: Fly out, F8 (Flyball, 8LD)
Top of the 6th over - 0 run(s), 1 hit(s), 0 error(s), 2 left on base; Ohio State 1 - Arizona State 4
BOTTOM OF THE 6TH
Arizona State Sun Devils batting - Pitching for Ohio State Buckeyes : LHP Stan Miller
Pitching: RHP Desi Smith
Batting: LHB John Lynch 0-0: Ball
1-0: SINGLE (Groundball, 4D)
Batting: LHB John Turner 0-0: Ball
1-0: Swinging Strike
1-1: Grounds into double play, 6-4-3 (Groundball, 6)
Batting: RHB Ryan Conway 0-0: Ball
1-0: Ball
2-0: Swinging Strike
2-1: Called Strike
2-2: Strikes out swinging
Bottom of the 6th over - 0 run(s), 1 hit(s), 0 error(s), 0 left on base; Ohio State 1 - Arizona State 4
TOP OF THE 7TH
Ohio State Buckeyes batting - Pitching for Arizona State Sun Devils : LHP Martin O'Herlihy
Batting: RHB Frank Hester 0-0: Ball
1-0: Ball
2-0: Fly out, F6 (Popup, 6MD)
Batting: RHB Rudy Boyd 0-0: Foul Ball, location: 2F
0-1: Ball
1-1: Ball
2-1: Ball
3-1: Base on Balls
Batting: RHB Josh Joyner 0-0: Called Strike
Pickoff Throw to First - Out!
0-1: Foul Ball, location: 2F
0-2: Ground out 4-3 (Groundball, 4M)
Top of the 7th over - 0 run(s), 0 hit(s), 0 error(s), 0 left on base; Ohio State 1 - Arizona State 4
BOTTOM OF THE 7TH
Arizona State Sun Devils batting - Pitching for Ohio State Buckeyes : RHP Desi Smith
Batting: RHB Stan Murray 0-0: Ball
1-0: Ball
2-0: Foul Ball, location: 2F
2-1: Ball
3-1: Base on Balls
Batting: RHB Vernon Harris 0-0: Ball
1-0: Ball
2-0: Foul Ball, location: 2F
2-1: Ball
3-1: Foul Ball, location: 2F
3-2: SINGLE (Flyball, 78S)
Stan Murray to second
Batting: SHB Leonardo González 0-0: Fly out, F9 (Flyball, 89M)
Batting: RHB Jeffery Burton 0-0: Grounds into double play, 1-4-3 (Groundball, 15)
Bottom of the 7th over - 0 run(s), 1 hit(s), 0 error(s), 1 left on base; Ohio State 1 - Arizona State 4
TOP OF THE 8TH
Ohio State Buckeyes batting - Pitching for Arizona State Sun Devils : LHP Martin O'Herlihy
Now in LF: José Serrano
Batting: LHB Roberto Herrera 0-0: Ball
1-0: Ball
2-0: Ball
3-0: Base on Balls
Pitching: RHP António Capos
Batting: RHB Richie Sawyer 0-0: Ball
1-0: Ball
2-0: Ball
3-0: Called Strike
3-1: Base on Balls
Roberto Herrera to second
Pitching: LHP Ryan Stevenson
Batting: SHB Bill House 0-0: Called Strike
0-1: SINGLE (Line Drive, 6D)
Roberto Herrera to third
Richie Sawyer to second
Runner from 3rd tries for Home, SAFE, throw made home
Richie Sawyer to third
Bill House to second
Pitching: RHP Ken Ham
Batting: RHB George Pierce 0-0: Ball
1-0: Ball
2-0: Ball
3-0: Called Strike
3-1: Base on Balls
Batting: LHB Abraham Horton 0-0: Ball
1-0: Called Strike
1-1: SINGLE (Line Drive, 89S)
Richie Sawyer scores
Bill House to third
George Pierce to second
Batting: RHB Edgardo Gonzáles 0-0: Ball
1-0: Ball
2-0: Ball
3-0: Called Strike
3-1: Base on Balls
Bill House scores
George Pierce to third
Abraham Horton to second
Batting: RHB Frank Hester 0-0: Called Strike
0-1: Ball
1-1: Ball
2-1: Ball
3-1: Foul Ball, location: 2F
3-2: Strikes out swinging
Batting: RHB Rudy Boyd 0-0: Ball
1-0: SINGLE (Line Drive, 89M)
George Pierce scores
Abraham Horton to third
Edgardo Gonzáles to second
Runner from 3rd tries for Home, SAFE, no throw
Pitching: RHP John Osborne
Batting: RHB Josh Joyner 0-0: Foul Ball, location: 2F
0-1: Foul Ball, location: 2F
0-2: Fly out, F7 (Flyball, 78M)
Batting: LHB Roberto Herrera 0-0: Ball
1-0: Ball
2-0: Foul Ball, location: 2F
2-1: Ball
3-1: Base on Balls
Edgardo Gonzáles to third
Rudy Boyd to second
Batting: RHB Richie Sawyer 0-0: Ball
1-0: Foul Ball, location: 2F
1-1: Ball
2-1: Ball
3-1: Base on Balls
Edgardo Gonzáles scores
Rudy Boyd to third
Roberto Herrera to second
Batting: SHB Bill House 0-0: Called Strike
0-1: Fly out, F4 (Popup, 4)
Top of the 8th over - 6 run(s), 3 hit(s), 0 error(s), 3 left on base; Ohio State 7 - Arizona State 4
BOTTOM OF THE 8TH
Arizona State Sun Devils batting - Pitching for Ohio State Buckeyes : RHP Desi Smith
Batting: LHB Ryan Billman 0-0: Called Strike
0-1: Called Strike
0-2: Ball
1-2: Foul Ball, location: 2F
1-2: Ball
2-2: Ball
3-2: SINGLE (Line Drive, 9LS)
Batting: RHB Bob Bennett 0-0: Called Strike
0-1: Swinging Strike
0-2: Strikes out swinging
Pitching: LHP Dirk McGee
Batting: LHB John Lynch 0-0: Called Strike
0-1: Ball
1-1: SINGLE (Groundball, 34)
Ryan Billman to second
Runner from 2nd tries for 3rd, SAFE, throw made to third
John Lynch to second
Batting: LHB John Turner 0-0: Ball
1-0: Called Strike
1-1: Ball
2-1: Ball
3-1: Ground out 6-3 (Groundball, 6)
Ryan Billman scores
Pitching: RHP George Townsley
Batting: RHB Ryan Conway 0-0: Ground out 6-3 (Groundball, 6)
Bottom of the 8th over - 1 run(s), 2 hit(s), 0 error(s), 1 left on base; Ohio State 7 - Arizona State 5
TOP OF THE 9TH
Ohio State Buckeyes batting - Pitching for Arizona State Sun Devils : RHP John Osborne
Batting: RHB George Pierce 0-0: Swinging Strike
0-1: Ball
1-1: Called Strike
1-2: Strikes out looking
Batting: LHB Abraham Horton 0-0: Called Strike
0-1: TRIPLE (Line Drive, 9LM)
Batting: RHB Edgardo Gonzáles 0-0: Intentional Walk
Batting: RHB Frank Hester 0-0: Ball
1-0: Ball
Edgardo Gonzáles steals 2nd base
2-0: Intentional Walk
Batting: RHB Rudy Boyd 0-0: Ball
1-0: Ball
2-0: Grounds into fielders choice 6-2 (Groundball, 6)
Edgardo Gonzáles to third
Frank Hester to second
Batting: RHB Josh Joyner 0-0: Called Strike
0-1: Ball
1-1: Ball
2-1: SINGLE (Groundball, 5S) (infield hit)
Edgardo Gonzáles scores
Frank Hester to third
Rudy Boyd to second
Batting: LHB Roberto Herrera 0-0: Ball
1-0: Foul Ball, location: 2F
1-1: Ball
2-1: Foul Ball, location: 2F
2-2: Strikes out swinging passed ball, reaches first!
Frank Hester scores
Rudy Boyd to third
Josh Joyner to second
Pitching: RHP Scott Robbins
Batting: RHB Richie Sawyer 0-0: Foul Ball, location: 2F
0-1: Swinging Strike
0-2: Foul Ball, location: 2F
0-2: Fielders Choice at 2nd, 6-4 (Groundball, 6)
Top of the 9th over - 2 run(s), 2 hit(s), 0 error(s), 2 left on base; Ohio State 9 - Arizona State 5
BOTTOM OF THE 9TH
Arizona State Sun Devils batting - Pitching for Ohio State Buckeyes : RHP George Townsley
Batting: LHB José Serrano 0-0: Called Strike
0-1: Ball
1-1: Ball
2-1: Ball
3-1: Base on Balls
Batting: RHB Vernon Harris 0-0: Swinging Strike
0-1: Ball
1-1: Called Strike
1-2: Strikes out looking
Batting: SHB Leonardo González 0-0: Called Strike
0-1: Fly out, F7 (Flyball, 78M)
Batting: RHB Jeffery Burton 0-0: Foul Ball, location: 2F
0-1: Ball
1-1: Called Strike
1-2: Ball
2-2: Fielders Choice at 2nd, 6-4 (Groundball, 6)
Bottom of the 9th over - 0 run(s), 0 hit(s), 0 error(s), 0 left on base; Ohio State 9 - Arizona State 5
Thursday, March 30th, 2017 - OOTP Baseball 17.12 Build 75